 Dungeon Crawl Stone Soup version 0.30-a0-269-gf0224bf7b6 (webtiles) character file.

Game seed: 8183677570878503545

55 lonewolfV2 the Trooper (level 3, -9/40 HPs)
             Began as an Ogre Berserker on Oct 15, 2022.
             Was a Follower of Trog.
             Mangled by Crazy Yiuf
             ... wielding a +2 quarterstaff of chaos
              (14 damage)
             ... on level 2 of the Dungeon.
             The game lasted 00:02:16 (1691 turns).

lonewolfV2 the Trooper (Ogre Berserker)             Turns: 1691, Time: 00:02:17

Health: -9/40      AC:  4    Str: 23    XL:     3   Next: 93%
Magic:  3/3        EV: 10    Int:  8    God:    Trog [*.....]
Gold:   85         SH:  0    Dex:  8    Spells: 2/2 levels left

rFire   . . .      SeeInvis .    a - +0 hand axe
rCold   . . .      Faith    .    (no shield)
rNeg    . . .      Spirit   .    b - +1 animal skin
rPois   .          Reflect  .    (helmet restricted)
rElec   .          Harm     .    (no cloak)
rCorr   .          Rampage  .    (gloves unavailable)
Will    .....                    (boots unavailable)
Stlth   +.........               (no amulet)
HPRegen 0.26/turn                (no ring)
MPRegen 0.08/turn                (no ring)

@: no status effects
A: large, unfitting armour, tough skin 1
a: Renounce Religion, Berserk


You were on level 2 of the Dungeon.
You worshipped Trog.
Trog was aware of your devotion.
You visited 1 branch of the dungeon, and saw 2 of its levels.

You collected 85 gold pieces.

Inventory:

Hand Weapons
 a - a +0 hand axe (weapon)
Armour
 b - a +1 animal skin (worn)
Scrolls
 c - a scroll of vulnerability
 e - a scroll of identify {unknown}
Potions
 d - a potion of invisibility {unknown}
 g - 2 potions of mutation {unknown}
 i - 2 potions of curing {unknown}
 j - a potion of degeneration {unknown}


   Skills:
 + Level 4.5 Fighting
 + Level 3.7 Axes
 + Level 3.3 Dodging


You had 2 spell levels left.
You didn't know any spells.
Your spell library was empty.

Dungeon Overview and Level Annotations

Branches:
Dungeon (2/15)

Altars:

Annotations:
D:2 Crazy Yiuf


Innate Abilities, Weirdness & Mutations

You are too large for most types of armour.
You have tough skin. (AC +1)


Message History

You feel sick. The adder closely misses you.
You slash the adder!
You kill the adder!
Trog accepts your kill.
You feel sick.
You feel sick.
You feel sick.
You feel sick.
You are no longer poisoned.
You see here an adder corpse.
Found an escape hatch in the ceiling.
There is an escape hatch in the floor here.
Key pressed, stopping explore.
Crazy Yiuf shouts!
Crazy Yiuf laughs, "Whiteboard illywillydillykilly sow!"
Could not explore, unopened runed door.
Could not explore, unopened runed door.
You open the door. You barely miss Crazy Yiuf.
Crazy Yiuf hits you with a +2 quarterstaff of chaos!
You hit Crazy Yiuf.
Crazy Yiuf is lightly wounded.
Crazy Yiuf barely misses you.
Crazy Yiuf hits you with a +2 quarterstaff of chaos!
Crazy Yiuf freezes you.
You hit Crazy Yiuf but do no damage.
Crazy Yiuf is lightly wounded.
Crazy Yiuf barely misses you.
You hit Crazy Yiuf but do no damage.
Crazy Yiuf is lightly wounded.
Crazy Yiuf barely misses you.
You barely miss Crazy Yiuf.
Crazy Yiuf is lightly wounded.
Crazy Yiuf hits you with a +2 quarterstaff of chaos!
* * * LOW HITPOINT WARNING * * *
You closely miss Crazy Yiuf.
Crazy Yiuf is lightly wounded.
Crazy Yiuf says, "Nubble aubergine horse!"
Crazy Yiuf hits you with a +2 quarterstaff of chaos!
You die...

.................................
#....######.....#.###...#.#####.#
................#.# #...#.# #.#
......############# #####.# #.#
#.....#### #.# #.# #........#
#######.## #.# #........# ###
###.#..#...# #.# #........#
#...##..#.......####.# .........#
#...g@####......##.#.# .........#
#)..### ##.#..###.#.# .........#
### ####.# #.#.# #......#.# #.#
#.#.# #......#)# #.###.#.#
........<######### #####.......#
.................####..##.###.###
##.....#.##.##......(...#.###.###
.................)...............


You could see Crazy Yiuf.

Vanquished Creatures
  Jessica (D:2)
  An adder (D:2)
  A ball python (D:2)
  An endoplasm (D:1)
  4 giant cockroaches
  2 goblins
  3 hobgoblins
  A quokka (D:2)
  A bat (D:1)
  2 kobolds
  2 rats
19 creatures vanquished.

Notes
Turn   | Place    | Note
-------+----------+-------------------------------------------
     0 | D:1      | lonewolfV2 the Ogre Berserker began the quest for the Orb.
     0 | D:1      | Reached XP level 1. HP: 24/24 MP: 1/1
   327 | D:1      | Reached XP level 2. HP: 19/32 MP: 2/2
   781 | D:2      | Noticed Jessica
   811 | D:2      | Killed Jessica
   812 | D:2      | Reached XP level 3. HP: 33/40 MP: 3/3
  1073 | D:2      | Found a faded altar of an unknown god.
  1361 | D:2      | Found a runed translucent door.
  1362 | D:2      | Noticed Crazy Yiuf
  1691 | D:2      | Mangled by Crazy Yiuf

Illustrated notes

Levels and vault maps discovered:
D:1:      lightli_arrival_isolated_outpost, layout_basic
D:2:      layout_basic, hellmonk_ecumenical_altar_leap_of_faith,
          uniq_crazy_yiuf_cottage, uniq_jessica

Skill      XL: |  1  2 |
---------------+-------+-----
Dodging        | 3 |  3.3
Fighting       | |  4.5
Axes           | |  3.7

Action                   || total
-------------------------++-------
Melee: Hand axe          ||    75
       Punch             ||     1
  Use: Scroll            ||     5
Armor: Animal skin       ||    30
Dodge: Dodged            ||    40

Table legend: (Time is in decaauts)
 A = Elapsed time spent in this place.
 B = Non-inter-level travel time spent in this place.
 C = Inter-level travel time spent in this place.
 D = Time resting spent in this place.
 E = Time spent auto-exploring this place.
 F = Levels seen in this place.
 G = Mean time per level.
                   A        B        C        D        E       F      G
               +--------+--------+--------+--------+--------+-----+--------+
         Total |   1703 |   1665 |     38 |      0 |   1405 |   2 |  851.5 |
       Dungeon |   1703 |   1665 |     38 |      0 |   1405 |   2 |  851.5 |
               +--------+--------+--------+--------+--------+-----+--------+

Top non-repeatable levels by time:
     D:2: 1044 daAuts
     D:1: 659 daAuts
